 Dungeon Crawl Stone Soup version 0.22-a0-571-g4a923d4 (webtiles) character file.

159 Gildeon the Magician (level 5, -5/37 HPs)
             Began as a Gnoll Wizard on July 1, 2018.
             Slain by an ogre
             ... wielding a +0 giant club
              (20 damage)
             ... on level 4 of the Dungeon.
             The game lasted 00:23:39 (2385 turns).

Gildeon the Magician (Gnoll Wizard)                 Turns: 2385, Time: 00:23:39

Health: -5/37      AC:  4    Str:  9    XL:     5   Next: 40%
Magic:  9/14       EV: 17    Int: 21    God:
Gold:   191        SH:  0    Dex: 14    Spells: 5/18 levels left

rFire    + . .     SeeInvis .   i - +2 dagger
rCold    x . .     Gourm    .   (no shield)
rNeg     . . .     Faith    .   a - +1 robe
rPois    .         Spirit   .   b - +0 hat
rElec    .         Reflect  .   p - +0 cloak
rCorr    .         Harm     .   (no gloves)
MR       .....     Rnd*Rage +   (no boots)
Stlth    +++.......             (no amulet)
HPRegen  0.12/turn              k - ring of fire
MPRegen  0.14/turn              j - +3 ring of evasion

@: no status effects
A: distributed training, claws 1, fangs 1, berserk 1, blurry vision 1, strong
nose
a: no special abilities


You were on level 4 of the Dungeon.
You were not hungry.

You visited 1 branch of the dungeon, and saw 4 of its levels.

You collected 191 gold pieces.

Inventory:

Hand Weapons
 i - a +2 dagger (weapon)
Missiles
 n - 3 throwing nets (quivered)
Armour
 a - a +1 robe (worn)
 b - a +0 hat (worn)
 p - a +0 cloak (worn)
Jewellery
 j - a +3 ring of evasion (right claw)
 k - a ring of fire (left claw)
 m - an uncursed ring of flight
Scrolls
 g - 3 scrolls of teleportation
 h - 3 scrolls of identify
 l - 2 scrolls of remove curse
Potions
 c - a potion of heal wounds
 e - 3 potions of haste
Comestibles
 d - 13 rations


   Skills:
 + Level 1.4 Fighting
 + Level 1.4 Short Blades
 + Level 1.4 Long Blades
 + Level 1.4 Axes
 + Level 1.4 Maces & Flails
 + Level 1.4 Polearms
 + Level 1.4 Staves
 + Level 1.4 Slings
 + Level 1.4 Bows
 + Level 1.4 Crossbows
 + Level 1.4 Throwing
 + Level 1.4 Armour
 + Level 4.7 Dodging
 + Level 4.4 Stealth
 + Level 1.4 Shields
 + Level 1.4 Unarmed Combat
 + Level 7.3 Spellcasting
 + Level 2.3 Conjurations
 + Level 1.1 Hexes
 + Level 1.1 Charms
 + Level 2.3 Summonings
 + Level 1.1 Necromancy
 + Level 2.3 Translocations
 + Level 1.1 Transmutations
 + Level 1.1 Fire Magic
 + Level 1.1 Ice Magic
 + Level 1.1 Air Magic
 + Level 1.1 Earth Magic
 + Level 1.1 Poison Magic
 + Level 1.6 Invocations
 + Level 1.4 Evocations


You had 5 spell levels left.
You knew the following spells:

 Your Spells              Type           Power        Failure   Level  Hunger
a - Magic Dart            Conj           ###.         3%          1    None
b - Slow                  Hex            ##......     9%          2    None
c - Call Imp              Summ           ###.....     4%          2    None
d - Blink                 Tloc           N/A          4%          2    None
e - Conjure Flame         Conj/Fire      ###.....     12%         3    None
f - Mephitic Cloud        Conj/Pois/Air  ##......     14%         3    None

Your spell library contained the following spells:

 Spells                   Type           Power        Failure   Level  Hunger


Dungeon Overview and Level Annotations

Branches:
Dungeon (4/15)
 Temple: D:4-7

Altars:
Kikubaaqudgha
Makhleb

Shops:
D:4 ?


Innate Abilities, Weirdness & Mutations

Your experience applies equally to all skills.
You have very sharp teeth.
Your uncanny sense of smell can sniff out nearby items.
You have sharp fingernails.
You tend to lose your temper in combat.
Scrolls take you a little longer to read.


Message History

A beastly little devil appears in a puff of flame.
You swap places.
The ogre closely misses your crimson imp.
Your crimson imp blinks!
Casting: Call Imp (safe; 4% risk of failure)
Confirm with . or Enter, or press ? or * to list all spells.
Aiming: Slow (safe; 9% risk of failure)
Press: ? - help, Shift-Dir - straight line, f - ogre
Aim: an ogre, wielding a giant club (chance to defeat MR: 49%)
The ogre resists with some effort.
Casting: Slow (safe; 9% risk of failure)
Confirm with . or Enter, or press ? or * to list all spells.
Aiming: Slow (safe; 9% risk of failure)
Press: ? - help, Shift-Dir - straight line, f/p - ogre
Aim: an ogre, wielding a giant club (chance to defeat MR: 49%)
The ogre resists with some effort.
Your crimson imp blinks!
The ogre hits you with a giant club!!
Ouch! That really hurt!
You die...

..∩..>................#
#####....#######.#
#####.## #.# #....#.#
#.# #.###.## #.# .# #.#
### #5# .# ∆ #.#
##########.##.#
#.###.........O...#
#.##...#######@#..#
#..........# #.#..#
####...###.# #.#..####.
##.## #.###.........
#.####........#####
#.............#
#############.....
#####


You could see an ogre and a friendly crimson imp.

Vanquished Creatures
  Crazy Yiuf (D:3)
  An orc wizard (D:3)
  3 adders
  3 worms (D:3)
  A dart slug (D:1)
  3 orcs (D:3)
  3 ball pythons
  8 bats
  4 giant cockroaches
  7 goblins
  8 hobgoblins
  2 jackals (D:3)
  2 quokkas
  2 frilled lizards
  7 kobolds
  6 rats
61 creatures vanquished.

Vanquished Creatures (collateral kills)
  A goblin (D:1)
  A kobold (D:3)
2 creatures vanquished.

Grand Total: 63 creatures vanquished

Notes
Turn   | Place    | Note
-------+----------+-------------------------------------------
     0 | D:1      | Gildeon the Gnoll Wizard began the quest for the Orb.
     0 | D:1      | Reached XP level 1. HP: 13/13 MP: 8/8
   274 | D:1      | Reached XP level 2. HP: 19/19 MP: 7/10
   278 | D:1      | Learned a level 2 spell: Blink
   281 | D:1      | Learned a level 2 spell: Call Imp
   284 | D:1      | Learned a level 2 spell: Slow
   634 | D:2      | Gained mutation: Scrolls take you a little longer to read. [potion of mutation]
   634 | D:2      | Gained mutation: You tend to lose your temper in combat. [potion of mutation]
   634 | D:2      | Gained mutation: You have sharp fingernails. [potion of mutation]
   703 | D:2      | Reached XP level 3. HP: 22/25 MP: 5/11
   708 | D:2      | Learned a level 3 spell: Conjure Flame
   712 | D:2      | Learned a level 3 spell: Mephitic Cloud
   734 | D:2      | Found an ancient bone altar of Kikubaaqudgha.
   887 | D:2      | Reached skill level 1 in Invocations
  1006 | D:2      | Found a burning altar of Makhleb.
  1036 | D:2      | Found a faded altar of an unknown god.
  1378 | D:3      | Reached skill level 1 in Fighting
  1378 | D:3      | Reached skill level 1 in Short Blades
  1378 | D:3      | Reached skill level 1 in Long Blades
  1378 | D:3      | Reached skill level 1 in Axes
  1378 | D:3      | Reached skill level 1 in Maces & Flails
  1378 | D:3      | Reached skill level 1 in Polearms
  1378 | D:3      | Reached skill level 1 in Staves
  1378 | D:3      | Reached skill level 1 in Slings
  1378 | D:3      | Reached skill level 1 in Bows
  1378 | D:3      | Reached skill level 1 in Crossbows
  1378 | D:3      | Reached skill level 1 in Throwing
  1378 | D:3      | Reached skill level 1 in Armour
  1378 | D:3      | Reached skill level 1 in Shields
  1378 | D:3      | Reached skill level 1 in Unarmed Combat
  1378 | D:3      | Reached skill level 1 in Evocations
  1412 | D:3      | Reached XP level 4. HP: 15/32 MP: 0/13
  1726 | D:3      | Found a runed door.
  1730 | D:3      | Noticed Crazy Yiuf
  1750 | D:3      | Killed Crazy Yiuf
  1750 | D:3      | Reached skill level 1 in Hexes
  1750 | D:3      | Reached skill level 1 in Charms
  1750 | D:3      | Reached skill level 1 in Necromancy
  1750 | D:3      | Reached skill level 1 in Transmutations
  1750 | D:3      | Reached skill level 1 in Fire Magic
  1750 | D:3      | Reached skill level 1 in Ice Magic
  1750 | D:3      | Reached skill level 1 in Air Magic
  1750 | D:3      | Reached skill level 1 in Earth Magic
  1750 | D:3      | Reached skill level 1 in Poison Magic
  1750 | D:3      | Reached XP level 5. HP: 33/37 MP: 1/14
  2295 | D:4      | Found Quxaunoph's Magic Scroll Shoppe.
  2373 | D:4      | Noticed an ogre
  2385 | D:4      | Slain by an ogre

Vault maps used:
D:1:      minmay_arrival_loop, minmay_statues_item, minmay_tall_x
D:2:      kiku_gazebo_pond_becter, lemuel_coloured_pillars_altar,
          chequers_ecumenical_altar_simple_redux
D:3:      minmay_misc_feat_hallway, uniq_crazy_yiuf_cottage
D:4:      serial_shops, shop, shop, gup_sewer_entry_pipe, grunt_ministairs_9

Skill      XL: |  1  2  3  4 |
---------------+-------------+-----
Conjurations   | 2 |  2.3
Summonings     | 2 |  2.3
Translocations | 2 |  2.3
Invocations    | 1 |  1.6
Fighting       | 1 |  1.4
Short Blades   | 1 |  1.4
Long Blades    | 1 |  1.4
Axes           | 1 |  1.4
Maces & Flails | 1 |  1.4
Polearms       | 1 |  1.4
Staves         | 1 |  1.4
Slings         | 1 |  1.4
Bows           | 1 |  1.4
Crossbows      | 1 |  1.4
Throwing       | 1 |  1.4
Armour         | 1 |  1.4
Shields        | 1 |  1.4
Unarmed Combat | 1 |  1.4
Evocations     | 1 |  1.4
Hexes          | 1 |  1.1
Charms         | 1 |  1.1
Necromancy     | 1 |  1.1
Transmutations | 1 |  1.1
Fire Magic     | 1 |  1.1
Ice Magic      | 1 |  1.1
Air Magic      | 1 |  1.1
Earth Magic    | 1 |  1.1
Poison Magic   | 1 |  1.1
Dodging        | |  4.7
Stealth        | |  4.4
Spellcasting   | |  7.3

Action                   |  1- 3 |  4- 6 || total
-------------------------+-------+-------++-------
Melee: Bite              |     2 |       ||     2
       Unarmed           |     1 |       ||     1
       Dagger            |    15 |    14 ||    29
 Cast: Magic Dart        |    80 |    47 ||   127
       Call Imp          |     2 |     2 ||     4
       Slow              |       |     3 ||     3
  Use: Scroll            |     8 |     2 ||    10
       Potion            |     1 |       ||     1
 Stab: Sleeping          |     4 |     6 ||    10
  Eat: Chunk             |     1 |     3 ||     4
Armor: Robe              |    10 |     2 ||    12
Dodge: Dodged            |    48 |    15 ||    63

Table legend:
 A = Spawn XP
 B = Non-spawn XP
 C = Spawn XP percentage of total XP
 D = Spawn monster count
 E = Non-spawn monster count
 F = Spawn count percentage of total count
 G = Total turns spent on level
                    A         B        C        D         E        F      G
               +---------+---------+-------+---------+---------+-------+---------
         Total |       0 |     228 |   0.0 |       0 |      63 |   0.0 |  2385
               +---------+---------+-------+---------+---------+-------+---------
           D:1 |       0 |      28 |   0.0 |       0 |      17 |   0.0 |   614
           D:2 |       0 |      36 |   0.0 |       0 |      15 |   0.0 |   617
           D:3 |       0 |     164 |   0.0 |       0 |      31 |   0.0 |  1040
               +---------+---------+-------+---------+---------+-------+---------
